 Dungeon Crawl Stone Soup version 0.32-a0-699-g1ee5eff69a (webtiles) character file.

Game seed: 7487643249447974510

31896 cforsyth the Cleaver (level 13, 0/117 HPs)
             Began as a Mountain Dwarf Cinder Acolyte on Mar 14, 2024.
             Was a High Priest of Ignis.
             Slain by a skyshark (9 damage)
             ... on level 3 of the Lair of Beasts.
             The game lasted 00:43:40 (29185 turns).

cforsyth the Cleaver (MDCA)                        Turns: 29185, Time: 00:43:40

Health: 0/117      AC: 14    Str: 25    XL:     13   Next: 28%
Magic:  12/25      EV:  9    Int: 20    God:    Ignis [*****.]
Gold:   681        SH:  0    Dex:  5    Spells: 22/28 levels left

rFire   + . .        a - -1 hand axe (flame)
rCold   + . .        (no shield)
rNeg    . . .        G - +1 scale mail of Liberalism {rC+ Str+2 SInv Stlth-}
rPois   +            W - +1 helmet
rElec   .            (no cloak)
rCorr   .            (no gloves)
SInv    +            d - +0 pair of boots
Will    +....        A - amulet of regeneration Stlth
                     S - +6 ring of strength
HPRegen 1.19/turn    P - ring of poison resistance
MPRegen 0.19/turn

%: no passive effects
@: very slightly contaminated
A: runic magic, artefact enchanting
a: Renounce Religion, Fiery Armour, Foxfire Swarm, Rising Flame


You were on level 3 of the Lair of Beasts.
You worshipped Ignis.
Ignis was extremely pleased with you.
You visited 2 branches of the dungeon, and saw 15 of its levels.

You collected 924 gold pieces.
You spent 243 gold pieces at shops.


Innate Abilities, Weirdness & Mutations

Your spellcasting is much less encumbered by armour.
You can use scrolls of enchantment on lesser artefacts.


   Skills:
 + Level 11.9 Fighting
 + Level 13.0 Axes
 + Level 11.4 Armour
 - Level 8.4 Spellcasting
 + Level 12.9 Fire Magic


You had 22 spell levels left.
You knew the following spells:

 Your Spells              Type           Power      Damage    Failure   Level
y - Sticky Flame          Fire/Alch      34%        2d7       7%          4
X - Scorch                Fire           100%       2d9       1%          2

Your spell library contained the following spells:

 Spells                   Type           Power      Damage    Failure   Level
 Ignite Poison            Fire/Alch      34%        N/A       7%          4
 Magic Dart               Conj           32%        1d4       10%         1
 Blink                    Tloc           16%        N/A       14%         2
 Call Imp                 Summ           16%        N/A       14%         2
 Mercury Vapours          Alch/Air       16%        N/A       14%         2
 Frozen Ramparts          Ice            16%        1d3       28%         3
 Fugue of the Fallen      Necr           8%         N/A       28%         3
 Mephitic Cloud           Conj/Alch/Air  8%         N/A       28%         3
 Ozocubu's Armour         Ice            8%         N/A       28%         3
 Manifold Assault         Tloc           8%         N/A       67%         4
 Vhi's Electric Charge    Tloc/Air       16%        N/A       67%         4
 Plasma Beam              Fire/Air       17%        2x1d28    71%         6
 Arcjolt                  Conj/Air       4%         1d14      95%         5
 Freezing Cloud           Conj/Ice/Air   4%         6-21      95%         5
 Metabolic Englaciation   Hex/Ice        4%         N/A       95%         5
 Summon Forest            Summ/Tloc      4%         N/A       95%         5
 Ignition                 Fire           28%        3d9       97%         8
 Eringya's Noxious Bog    Alch           4%         4d6       100%        6
 Haunt                    Necr/Summ      4%         N/A       100%        7
 Summon Hydra             Summ           4%         N/A       100%        7
 Borgnjor's Revivificati  Necr           4%         N/A       100%        8
 Death's Door             Necr           4%         N/A       100%        9

Inventory:

Hand Weapons
 a - a -1 hand axe of flaming (weapon)
 b - a +4 heavy battleaxe
 w - a +1 war axe
 K - the +11 hand axe of Profit {venom, rF+ Str-4 Dex+6}
   (You found it on level 9 of the Dungeon)

   Str-4:     It affects your strength (-4).
   Dex+6:     It affects your dexterity (+6).
   rF+:       It protects you from fire.
Armour
 d - a +0 pair of boots (worn)
 y - a +0 chain mail
 G - the +1 scale mail of Liberalism (worn) {rC+ Str+2 SInv Stlth-}
   (You bought it in a shop on level 8 of the Dungeon)

   Str+2:     It affects your strength (+2).
   rC+:       It protects you from cold.
   SInv:      It lets you see invisible.
   Stlth-:    It makes you less stealthy.
 Q - the +0 ring mail of the Hippogriff {rC+ rN+ Will+}
   (You found it on level 10 of the Dungeon)

   rC+:       It protects you from cold.
   rN+:       It protects you from negative energy.
   Will+:     It increases your willpower.
 W - a +1 helmet (worn)
Magical Staves
 c - a staff of alchemy {!a}
 L - a staff of fire {!a}
 N - a staff of death {!a}
 T - a staff of cold {!a}
Jewellery
 l - an amulet of the acrobat
 s - a +6 ring of strength
 A - an amulet of regeneration (around neck)
 I - a +6 ring of intelligence
 P - a ring of poison resistance (right hand)
 S - a +6 ring of strength (left hand)
Wands
 n - a wand of paralysis (5)
 o - a wand of flame (26)
 u - a wand of roots (10)
Scrolls
 e - 4 scrolls of revelation
 f - 11 scrolls of teleportation {@r2}
 m - 2 scrolls of enchant armour
 p - 2 scrolls of amnesia
 t - a scroll of fog
 v - a scroll of enchant weapon
 B - 9 scrolls of blinking
 O - a scroll of immolation
Potions
 g - 3 potions of might
 h - 3 potions of mutation
 i - 12 potions of curing {@q1}
 j - 2 potions of resistance
 k - a potion of invisibility {unknown}
 q - a potion of attraction
 r - 3 potions of lignification
 x - a potion of enlightenment
 z - 3 potions of ambrosia
 C - a potion of haste {@q3}
 D - a potion of heal wounds {@q2}
 E - a potion of brilliance
 M - a potion of magic

Dungeon Overview and Level Annotations

Branches:
Dungeon (12/15)            Temple (0/1) D:7            Lair (3/5) D:9
 Spider (0/4) Lair:3          Orc (0/2) D:11
  Swamp: Lair:2-3    Shoals: Lair:2-3

Altars:
Ashenzari
Dithmenos
Hepliaklqana
Qazlal
Sif Muna
Trog
Vehumet
Xom
Yredelemnul

Shops:
D:1 :   D:5 :   D:8 [ D:12

[ ...... ###
...... ###..##
#......
#.#....
.......
#....##.......
##P...........
#..PP.........
##.P..@.......
#....F........
###.<.........
#...........
##..........
####.......
##..... .#.#.
###


You could see a skyshark (berserk, combustible).


Message History

Unknown command.
Unknown command.
Flames lash the skyshark.
The skyshark is burned terribly!
The skyshark is heavily wounded.
The skyshark bites you!!
* * * LOW HITPOINT WARNING * * *
The skyshark tail-slaps you but does no damage.
The skyshark completely misses you. The skyshark barely misses you.
The skyshark tail-slaps you.
* * * LOW HITPOINT WARNING * * *
The skyshark tail-slaps you.
* * * LOW HITPOINT WARNING * * *
Unknown command.
Unknown command.
Unknown command.
Aiming: Fastroot
Press: ? - help, Shift-Dir - straight line
Okay, then.
Unknown command.
The skyshark attacks as it pursues you!
The skyshark bites you but does no damage.
The skyshark tail-slaps you but does no damage.
The skyshark tail-slaps you.
* * * LOW HITPOINT WARNING * * *
The skyshark bites you!!
* * * LOW HITPOINT WARNING * * *
The skyshark tail-slaps you but does no damage.
The skyshark tail-slaps you!
You die...
Ignis goes out, and joins you in death.

Skill      XL: |  1  2  3  4  5  6  7  8  9 10 11 12 13 |
---------------+----------------------------------------+-----
Armour         | 1 2 3 4 5 6 8 9 11 | 11.4
Fire Magic     | 4 5 6 7 8 9 11 12 | 12.9
Axes           | 4 5 6 7 8 9 11 12 13 | 13.0
Fighting       | 4 5 6 7 9 10 11 | 11.9
Spellcasting   | 2 3 4 5 6 7 8 |  8.4

Action                     |  1- 3 |  4- 6 |  7- 9 | 10-12 | 13-15 || total
---------------------------+-------+-------+-------+-------+-------++-------
  Melee: Hand axe          |    56 |    84 |    44 |   169 |    19 ||   372
         Battleaxe         |       |       |    42 |    22 |       ||    64
   Cast: Scorch            |    28 |    94 |   175 |   552 |   102 ||   951
  Evoke: Wand              |       |       |       |    17 |     6 ||    23
    Use: Scroll            |       |       |       |    24 |     1 ||    25
   Stab: Paralysed         |       |       |       |     8 |     2 ||    10
 Armour: Robe              |    53 |    24 |       |       |       ||    77
         Scale mail        |       |    46 |    87 |   655 |   113 ||   901
         Chain mail        |       |       |   112 |       |       ||   112
         Ring mail         |       |       |       |     6 |       ||     6
  Dodge: Dodged            |    48 |    47 |   100 |   367 |    37 ||   599

Levels and vault maps discovered:
D:1:      heliophobic_arrival_dark_side_of_the_moon, layout_basic, serial_shops,
          nicolae_shop_tiny_real_fake_doors, hangedman_feature_mirror,
          minmay_pentomino_u2
D:2:      layout_loops_ring, basic_altar
D:3:      layout_basic, hellmonk_sif_muna_bookshelves,
          nicolae_qazlal_style_of_elements,
          shapermc_ecumenical_altar_hornbeckon, chequers_arboretum
D:4:      layout_loops_ring, minmay_ruined_shrine
D:5:      nicolae_cairo_tiling_large, layout_loops_corners,
          mainiacjoe_overflow_small_starburst, serial_shops, shop,
          saegor_snake_ambush, uniq_grinder
D:6:      kennysheep_slugbush, layout_cave_pods, minmay_diced_spiral
D:7:      layout_rooms, minmay_temple_entry_stoned_glass, serial_undead,
          serial_undead_b, serial_undead_d, serial_undead_c, serial_undead_a
D:8:      layout_rooms, serial_shops, shop, uniq_gastronok, uniq_pikel,
          uniq_psyche
D:9:      layout_irregular_city, grunt_temple_overflow_diamond,
          grunt_lair_entry_orc_guard_hut, serial_co_window_serial,
          co_window_paths_b, co_window_of_opportunity_a, co_window_paths_b,
          co_window_corner_a, co_window_paths_a, co_window_corner_b,
          co_window_cross_2, co_window_broadway_a, co_window_4corner_b,
          glass_columns_a, glass_columns_a, glass_columns_a, glass_columns_b,
          nicolae_fountain_basement
D:10:     layout_irregular_city, lemuel_crystal_altar, serial_glass,
          glass_columns_b, glass_columns_a, glass_columns_a, glass_columns_b,
          glass_columns_c, glass_columns_a, uniq_amaemon, uniq_joseph
D:11:     layout_cross, orc_0_dummy, serial_glass, glass_columns_a,
          glass_columns_a, serial_bayou_crossing, uniq_erolcha
D:12:     layout_stronghold, gammafunk_ghost_wrathful_warriors, serial_shops,
          shop, chequers_serial_rivers_micro_d, trog_ov_bears_minmay
Lair:1:   layout_chaotic_city, kennysheep_abandoned_house, serial_bayou_shore_a,
          serial_bayou_shore_b, infiniplex_staircase_pool
Lair:2:   layout_cave_pods
Lair:3:   layout_cave_pods, mainiacjoe_shoals_entry_four_pools,
          spider_nest_entry_funnel_web, grunt_megastairs_1

Notes
Turn   | Place    | Note
-------+----------+-------------------------------------------
     0 | D:1      | cforsyth the Mountain Dwarf Cinder Acolyte began the quest
                  | for the Orb.
     0 | D:1      | Reached XP level 1. HP: 19/19 MP: 2/2
   219 | D:1      | Reached XP level 2. HP: 22/26 MP: 3/3
   437 | D:1      | Learned a level 2 spell: Scorch
   491 | D:1      | Reached skill level 1 in Armour
   785 | D:1      | Reached XP level 3. HP: 31/31 MP: 0/5
   806 | D:1      | Reached skill level 4 in Fire Magic
   881 | D:1      | Reached skill level 4 in Axes
  1054 | D:1      | Found Tunlioh's Book Emporium.
  1639 | D:2      | Reached XP level 4. HP: 40/40 MP: 3/6
  1874 | D:2      | Found a shimmering blue altar of Sif Muna.
  3074 | D:3      | Noticed an earth elemental
  3076 | D:3      | Found a stormy altar of Qazlal.
  3093 | D:3      | Noticed a fire elemental
  3093 | D:3      | Noticed an air elemental
  3093 | D:3      | Noticed a water elemental
  3189 | D:3      | Found a faded altar of an unknown god.
  3232 | D:3      | Found a shimmering blue altar of Sif Muna.
  3482 | D:4      | Noticed a scorpion
  3998 | D:4      | Reached skill level 4 in Fighting
  3998 | D:4      | Reached skill level 2 in Armour
  4058 | D:3      | Reached skill level 2 in Spellcasting
  4319 | D:4      | Reached XP level 5. HP: 46/46 MP: 3/8
  4883 | D:4      | Found a basalt altar of Yredelemnul.
  5235 | D:5      | Entered Level 5 of the Dungeon
  5236 | D:5      | Found Pesemp's Book Boutique.
  5253 | D:5      | Reached XP level 6. HP: 40/53 MP: 2/9
  5519 | D:5      | Reached skill level 5 in Axes
  5519 | D:5      | Reached skill level 3 in Armour
  5519 | D:5      | Reached skill level 5 in Fire Magic
  5741 | D:5      | Noticed Grinder
  5849 | D:5      | Paralysed by Grinder for 5 turns
  5860 | D:5      | Paralysed by Grinder for 2 turns
  5942 | D:5      | Killed Grinder
  5943 | D:5      | Reached skill level 5 in Fighting
  5943 | D:5      | Reached XP level 7. HP: 61/61 MP: 5/11
  6136 | D:5      | Reached skill level 3 in Spellcasting
  6528 | D:5      | Found a shimmering altar of Xom.
  7089 | D:6      | Reached skill level 6 in Axes
  7089 | D:6      | Reached skill level 4 in Armour
  7248 | D:6      | Reached skill level 6 in Fire Magic
  7332 | D:6      | Reached XP level 8. HP: 67/69 MP: 3/13
  8437 | D:6      | Reached skill level 6 in Fighting
  8908 | D:6      | Reached skill level 5 in Armour
  8908 | D:6      | Reached skill level 4 in Spellcasting
  9801 | D:6      | Reached skill level 7 in Axes
  9985 | D:7      | Reached skill level 7 in Fire Magic
 10445 | D:7      | Reached XP level 9. HP: 38/78 MP: 0/15
 10606 | D:7      | Found a staircase to the Ecumenical Temple.
 11149 | D:7      | Reached skill level 6 in Armour
 11165 | D:7      | Reached skill level 7 in Fighting
 11368 | D:8      | Noticed Gastronok
 11609 | D:8      | Reached skill level 8 in Axes
 11720 | D:8      | Reached skill level 8 in Fire Magic
 11783 | D:8      | Found Vawnoor's Antique Armour Boutique.
 11800 | D:8      | Bought a twisted scale mail for 243 gold pieces
 11800 | D:8      | Identified the +0 scale mail of Liberalism {rC+ Str+2 SInv
                  | Stlth-} (You bought it in a shop on level 8 of the Dungeon)
 11857 | D:7      | Reached skill level 5 in Spellcasting
 12185 | D:8      | Identified a +2 robe of resistance
 12185 | D:8      | Noticed Psyche
 12242 | D:8      | Killed Psyche
 12246 | D:8      | Identified a +0 robe of resistance
 12246 | D:8      | Noticed Pikel
 12248 | D:8      | Reached XP level 10. HP: 86/87 MP: 3/18
 12439 | D:7      | Killed Pikel
 12440 | D:7      | Reached skill level 8 in Fighting
 12440 | D:7      | Reached skill level 7 in Armour
 12848 | D:8      | Reached skill level 9 in Axes
 13154 | D:8      | Reached skill level 9 in Fire Magic
 13186 | D:7      | Killed Gastronok
 13187 | D:7      | Reached skill level 6 in Spellcasting
 13606 | D:9      | Identified 2 potions of resistance
 14035 | D:9      | Reached skill level 8 in Armour
 14230 | D:9      | Noticed a two-headed ogre
 14239 | D:9      | Killed a two-headed ogre
 14240 | D:9      | Reached skill level 9 in Fighting
 14378 | D:9      | Reached XP level 11. HP: 97/97 MP: 9/20
 14563 | D:9      | Reached skill level 10 in Axes
 14754 | D:9      | Found a radiant altar of Vehumet.
 14758 | D:9      | Found a hazy altar of Hepliaklqana.
 14762 | D:9      | Found a broken altar of Ashenzari.
 14787 | D:9      | Noticed a two-headed ogre
 14898 | D:9      | Identified the +11 hand axe of Profit {venom, rF+ Str-4
                  | Dex+6}
 15006 | D:9      | Found a staircase to the Lair.
 15119 | D:10     | Entered Level 10 of the Dungeon
 15123 | D:10     | Reached skill level 10 in Fire Magic
 16053 | D:10     | Noticed Joseph
 16133 | D:10     | Killed Joseph
 16292 | D:10     | Noticed Amaemon
 16409 | D:10     | Killed Amaemon
 16410 | D:10     | Reached skill level 9 in Armour
 16658 | D:10     | Reached skill level 7 in Spellcasting
 17507 | D:10     | Found a shadowy altar of Dithmenos.
 17650 | D:10     | Identified the +0 ring mail of the Hippogriff {rC+ rN+
                  | Will+}
 18361 | D:11     | Noticed a two-headed ogre
 18379 | D:10     | Reached skill level 10 in Fighting
 18418 | D:10     | Reached skill level 11 in Axes
 18443 | D:11     | Killed a two-headed ogre
 18444 | D:11     | Reached skill level 11 in Fire Magic
 19742 | D:11     | Reached XP level 12. HP: 102/106 MP: 18/23
 19947 | D:11     | Noticed Erolcha
 20159 | D:11     | Killed Erolcha
 20345 | D:11     | Found a staircase to the Orcish Mines.
 20711 | D:11     | Reached skill level 10 in Armour
 20979 | D:12     | Found a bloodstained altar of Trog.
 21457 | D:12     | Noticed a tengu warrior
 21463 | D:12     | Found Ucvet's Armour Shop.
 21640 | Lair:1   | Entered Level 1 of the Lair of Beasts
 21702 | Lair:1   | Reached skill level 8 in Spellcasting
 22241 | Lair:1   | Reached skill level 11 in Fighting
 22242 | Lair:1   | Reached skill level 12 in Axes
 22434 | Lair:1   | Reached skill level 12 in Fire Magic
 23900 | Lair:2   | Noticed a death yak
 23906 | Lair:2   | Noticed a death yak
 23925 | Lair:1   | Killed a death yak
 24868 | Lair:2   | Noticed a death yak
 24888 | Lair:2   | Noticed a death yak
 24903 | Lair:1   | Killed a death yak
 25600 | Lair:2   | Noticed a death yak
 26229 | Lair:1   | Killed a death yak
 26230 | Lair:1   | Reached skill level 11 in Armour
 26230 | Lair:1   | Reached XP level 13. HP: 37/116 MP: 4/25
 28830 | Lair:2   | Reached skill level 13 in Axes
 28920 | Lair:3   | Learned a level 4 spell: Sticky Flame
 29033 | Lair:3   | Found a hole to the Spider Nest.
 29185 | Lair:3   | HP: 9/117 [skyshark (20)]
 29185 | Lair:3   | Slain by a skyshark

Vanquished Creatures
  Gastronok (D:7)
  Erolcha (D:11)
  A catoblepas (Lair:2)
  2 two-headed ogres
  7 death yaks
  Amaemon (D:10)
  Pikel (D:7)
  An ugly thing (D:12)
  2 cyclopes
  Joseph (D:10)
  2 black mambas (Lair:1)
  3 elephants
  An orange demon (D:10)
  6 cane toads
  2 unseen horrors
  A rime drake (Lair:1)
  6 komodo dragons
  A kobold demonologist (D:12)
  Psyche (D:8)
  4 polar bears
  4 trolls
  Grinder (D:5)
  4 blink frogs (Lair:1)
  2 wyverns
  2 shadows
  29 yaks
  3 basilisks
  4 wraiths
  4 vampire mosquitoes (D:10)
  A steam dragon (D:7)
  A water moccasin (Lair:1)
  3 orc warriors
  2 black bears
  4 wolves (Lair:1)
  12 centaurs
  2 lemures (D:8)
  3 phantoms (D:6)
  A kobold brigand (D:8)
  9 bullfrogs
  3 gnoll sergeants
  A wyvern zombie (D:7)
  A water moccasin zombie (D:7)
  4 scorpions
  29 wights
  12 killer bees
  2 electric eels
  6 howler monkeys
  2 centaur zombies (D:7)
  10 orc priests
  2 bombardier beetles
  A sleepcap (D:8)
  An iguana (D:7)
  5 orc wizards
  4 hell rats (Lair:1)
  8 gnolls
  9 river rats
  9 adders
  A shadow imp (D:7)
  2 white imps
  4 ufetubi (D:7)
  9 dart slugs
  5 ribbon worms
  35 orcs
  9 ball pythons
  15 endoplasms
  5 giant cockroaches
  7 goblins
  7 hobgoblins
  A jackal (D:4)
  11 kobolds
  A quokka (D:2)
  8 bats
  4 frilled lizards
  13 rats
382 creatures vanquished.

Table legend: (Time is in decaauts)
 A = Elapsed time spent in this place.
 B = Non-inter-level travel time spent in this place.
 C = Inter-level travel time spent in this place.
 D = Time resting spent in this place.
 E = Time spent auto-exploring this place.
 F = Levels seen in this place.
 G = Mean time per level.
                   A        B        C        D        E       F      G
               +--------+--------+--------+--------+--------+-----+--------+
         Total |  29334 |  28294 |   1040 |  10738 |  12737 |  15 | 1955.6 |
       Dungeon |  21904 |  20926 |    978 |   6689 |  10766 |  12 | 1825.3 |
          Lair |   7429 |   7368 |     61 |   4049 |   1971 |   3 | 2476.3 |
               +--------+--------+--------+--------+--------+-----+--------+

Top non-repeatable levels by time:
  Lair:1: 3836 daAuts
  Lair:2: 3257 daAuts
    D:10: 2883 daAuts
     D:7: 2711 daAuts
     D:6: 2527 daAuts
     D:9: 2386 daAuts
     D:5: 2162 daAuts
     D:3: 1717 daAuts
    D:11: 1493 daAuts
     D:4: 1409 daAuts
     D:1: 1213 daAuts
     D:8: 1139 daAuts
    D:12: 1132 daAuts
     D:2: 1127 daAuts
  Lair:3: 335 daAuts

Table legend:
 A = Non-vault XP
 B = Vault XP
 C = Vault XP percentage of total XP
 D = Non-vault monster count
 E = Vault monster count
 F = Vault count percentage of total count
                 A         B        C        D         E       F
            +---------+---------+-------+---------+---------+-------
      Total |   34743 |   10823 |  23.8 |     303 |      77 |  20.3
            +---------+---------+-------+---------+---------+-------
        D:1 |      53 |       4 |   7.0 |      30 |       3 |   9.1
        D:2 |      52 |       0 |   0.0 |      16 |       0 |   0.0
        D:3 |      31 |      13 |  29.5 |      15 |       1 |   6.2
        D:4 |     203 |      11 |   5.1 |      17 |       6 |  26.1
        D:5 |     463 |     279 |  37.6 |      19 |       3 |  13.6
        D:6 |     664 |     551 |  45.3 |       9 |      14 |  60.9
        D:7 |    2046 |    2790 |  57.7 |      30 |      12 |  28.6
        D:8 |    1708 |     328 |  16.1 |      27 |       1 |   3.6
        D:9 |    2764 |    1349 |  32.8 |      24 |       7 |  22.6
       D:10 |    4622 |    1685 |  26.7 |      41 |       3 |   6.8
       D:11 |    3660 |     888 |  19.5 |      18 |       1 |   5.3
       D:12 |    3492 |     603 |  14.7 |      12 |       2 |  14.3
     Lair:1 |   10934 |     505 |   4.4 |      34 |      21 |  38.2
     Lair:2 |    3654 |    1630 |  30.8 |      10 |       2 |  16.7
     Lair:3 |     397 |     187 |  32.0 |       1 |       1 |  50.0
            +---------+---------+-------+---------+---------+-------
